 Dungeon Crawl Stone Soup version 0.26-a0-996-g6b303dbc09 (webtiles) character file.

Game seed: 9613138229257804516

2846 Morbidden the Sneak (level 9, 0/69 HPs)
             Began as a Demonspawn Brigand on Dec 6, 2020.
             Was a Priest of Vehumet.
             Slain by a wyvern (17 damage)
             ... on level 8 of the Dungeon.
             The game lasted 00:10:13 (8742 turns).

Morbidden the Sneak (Demonspawn Brigand)            Turns: 8742, Time: 00:10:14

Health: 0/69       AC: 11    Str: 18    XL:     9   Next: 46%
Magic:  0/15       EV: 14    Int: 15    God:    Vehumet [***...]
Gold:   295        SH:  0    Dex: 14    Spells: 13/16 levels left

rFire    . . .     SeeInvis .   a - +2 dagger
rCold    . . .     Faith    .   (no shield)
rNeg     . . .     Spirit   +   h - +2 robe {Archmagi}
rPois    +         Reflect  .   (no helmet)
rElec    .         Harm     .   c - +0 cloak
rCorr    .         Rampage  .   (no gloves)
MR       .....                  (no boots)
Stlth    +++.......             (no amulet)
HPRegen  0.21/turn              w - ring of the Cockatrice {AC+4 Str+5}
MPRegen  0.28/turn              y - ring of poison resistance

@: no status effects
A: hooves 1, iridescent scales 1, spiny 1, magic shield, magic regeneration
a: Renounce Religion


You were on level 8 of the Dungeon.
You worshipped Vehumet.
Vehumet was most pleased with you.
You visited 2 branches of the dungeon, and saw 9 of its levels.

You collected 295 gold pieces.

Inventory:

Hand Weapons
 a - a +2 dagger (weapon)
 H - the +2 mace of the Fool {elec, rPois Str-5 Dex+5}
   (You found it on level 7 of the Dungeon)

   Occasionally, upon striking a foe, it will discharge some electrical energy
   and cause terrible harm.
   It affects your strength (-5).
   It affects your dexterity (+5).
   It protects you from poison.
Missiles
 d - 22 poisoned darts
 e - a curare-tipped dart
 p - 2 throwing nets
 B - 5 javelins
Armour
 c - a +0 cloak (worn)
 h - a +2 robe of the Archmagi (worn)
Jewellery
 w - the ring of the Cockatrice (left hand) {AC+4 Str+5}
   (You found it on level 4 of the Dungeon)

   [ring of protection]

   It affects your AC (+4).
   It affects your strength (+5).
 y - a ring of poison resistance (right hand)
Wands
 n - a wand of acid (12) (quivered)
 r - a wand of enslavement (12)
 z - a wand of iceblast (23)
 E - a wand of paralysis (18)
 G - a wand of digging (7)
Scrolls
 b - a scroll of remove curse {unknown}
 f - 7 scrolls of identify
 g - a scroll of immolation {unknown}
 l - 4 scrolls of teleportation {unknown}
 o - 2 scrolls of blinking {unknown}
 t - 4 scrolls of fear {unknown}
 x - a scroll of amnesia {unknown}
 C - a scroll of vulnerability {unknown}
 D - 2 scrolls of enchant armour {unknown}
 F - a scroll of acquirement {unknown}
 I - 3 scrolls of fog {unknown}
Potions
 i - 2 potions of heal wounds {unknown}
 j - 3 potions of attraction {unknown}
 k - a potion of resistance {unknown}
 m - 2 potions of mutation {unknown}
 q - 3 potions of might {unknown}
 s - a potion of brilliance {unknown}
 u - a potion of cancellation {unknown}
 v - a potion of ambrosia {unknown}
 A - 4 potions of curing


   Skills:
 * Level 5.6 Fighting
 + Level 5.1 Short Blades
 + Level 3.5 Throwing
 + Level 4.5 Dodging
 + Level 6.9 Stealth
 * Level 4.4 Spellcasting
 * Level 3.3 Conjurations
 + Level 1.4 Fire Magic


You had 13 spell levels left.
You knew the following spells:

 Your Spells              Type           Power        Failure   Level
a - Foxfire               Conj/Fire      ###.         1%          1
b - Searing Ray           Conj           ###...       1%          2

Your spell library contained the following spells:

 Spells                   Type           Power        Failure   Level
 Conjure Flame            Conj/Fire      ###.....     5%          3
 Mephitic Cloud           Conj/Pois/Air  ##......     9%          3
 Poisonous Vapours        Pois/Air       #.....       26%         2
 Freezing Cloud           Conj/Ice/Air   ##........   98%         6


Dungeon Overview and Level Annotations

Branches:
Dungeon (8/15)             Temple (1/1) D:4
   Lair: D:8-11

Altars:
Ashenzari
Cheibriados
Dithmenos
Elyvilon
Fedhas
Gozag
Hepliaklqana
Kikubaaqudgha
Makhleb
Nemelex Xobeh
Okawaru
Qazlal
Ru
Sif Muna
Trog
Uskayaw
Vehumet
Wu Jian
Xom
Yredelemnul
Zin
The Shining One


Innate Abilities, Weirdness & Mutations

You have large cloven feet.
You are partially covered in iridescent scales. (AC +2)
You are partially covered in sharp spines.
When hurt, damage is shared between your health and your magic reserves.
You regenerate magic rapidly.


Message History

The searing ray hits the wyvern but does no damage.
The searing ray hits the water moccasin zombie!
The water moccasin zombie is lightly damaged.
The wyvern bites you! The wyvern is struck by your spines.
The wyvern bites you!
The searing ray hits the wyvern.
The wyvern is moderately wounded.
The searing ray hits the water moccasin zombie.
The water moccasin zombie is moderately damaged.
The wyvern bites you!
Unknown command.
The searing ray hits the wyvern.
The wyvern is moderately wounded.
The searing ray hits the water moccasin zombie!
The water moccasin zombie is heavily damaged.
You finish channeling your searing ray.
The wyvern bites you!
* * * LOW HITPOINT WARNING * * *
The wyvern is struck by your spines. The wyvern closely misses you.
The wyvern bites you!!
You die...

#### +#..##.# #
##.....##....'.#
#[.....$#....###
$..8..$##..##
..... ##'##
....##..##
5Z##....#
#l#'....# #
##@.##..## #
+....#### #
#....# ## ##..##
..... .# #..
#### #.... .##
#... #.... #.##
##...# #....
#..# #....# ####
#....
##.###....#
###..## #...


You could see a wyvern, a white imp and a water moccasin zombie.

Vanquished Creatures
  Pikel (D:7)
  2 ice beasts
  A sky beast (D:6)
  A phantom (D:6)
  2 ogres
  5 centaurs
  A bullfrog (D:7)
  2 scorpions
  A wyvern skeleton (D:6)
  A killer bee (D:8)
  3 vampire bats (D:3)
  2 howler monkeys
  A quasit (D:5)
  A hound (D:3)
  2 jellies
  3 orc wizards
  An orc priest (D:7)
  A bullfrog skeleton (D:8)
  2 centaur skeletons (D:4)
  A gnoll shaman (D:8)
  Crazy Yiuf (D:7)
  5 iguanas
  Ijyb (D:3)
  3 worker ants
  8 gnolls
  A howler monkey skeleton (D:5)
  10 adders
  A shadow imp (D:5)
  3 white imps
  An ufetubus (D:8)
  An ooze (D:7)
  5 adder skeletons
  2 adder zombies
  3 worms
  A dart slug (D:3)
  9 leopard geckos
  25 orcs
  3 ball pythons
  17 bats
  5 bat zombies (D:3)
  3 giant cockroaches
  6 goblins
  10 hobgoblins
  10 jackals
  9 kobolds
  6 quokkas
  3 frilled lizards
  A leopard gecko skeleton (D:5)
  A leopard gecko zombie (D:6)
  7 rats
195 creatures vanquished.

Vanquished Creatures (others)
  74 foxfires
  2 fungi (D:2)
  6 plants
82 creatures vanquished.

Grand Total: 277 creatures vanquished

Notes
Turn   | Place    | Note
-------+----------+-------------------------------------------
     0 | D:1      | Morbidden the Demonspawn Brigand began the quest for the
                  | Orb.
     0 | D:1      | Reached XP level 1. HP: 16/16 MP: 1/1
   403 | D:1      | Reached skill level 1 in Dodging
   403 | D:1      | Gained mutation: You are partially covered in sharp spines.
                  | [demonic ancestry]
   403 | D:1      | Reached XP level 2. HP: 12/22 MP: 2/2
   411 | D:1      | Reached skill level 4 in Stealth
   953 | D:1      | Gained mutation: You are partially covered in iridescent
                  | scales. (AC +2) [demonic ancestry]
   953 | D:1      | Reached XP level 3. HP: 27/27 MP: 3/3
  1852 | D:2      | Gained mutation: You have large cloven feet. [demonic
                  | ancestry]
  1852 | D:2      | Reached XP level 4. HP: 33/33 MP: 4/4
  1994 | D:2      | Found a blossoming altar of Fedhas.
  1997 | D:2      | Found a stormy altar of Qazlal.
  2904 | D:3      | Noticed Ijyb
  2924 | D:3      | Killed Ijyb
  2925 | D:3      | Reached skill level 5 in Stealth
  2925 | D:3      | Gained mutation: When hurt, damage is shared between your
                  | health and your magic reserves. [demonic ancestry]
  2925 | D:3      | Reached XP level 5. HP: 30/39 MP: 5/5
  3203 | D:3      | Found a sacrificial altar of Ru.
  3453 | D:3      | Reached skill level 1 in Spellcasting
  3712 | D:3      | Reached XP level 6. HP: 46/46 MP: 7/7
  3717 | D:3      | Found an ancient bone altar of Kikubaaqudgha.
  3795 | D:4      | Found a staircase to the Ecumenical Temple.
  3814 | Temple   | Entered the Ecumenical Temple
  3954 | Temple   | Became a worshipper of Vehumet
  4240 | D:4      | Got a transparent marble ring
  4247 | D:4      | Identified the ring of the Cockatrice {AC+4 Str+5} (You
                  | found it on level 4 of the Dungeon)
  4370 | D:4      | Reached XP level 7. HP: 50/52 MP: 7/9
  4813 | D:5      | Entered Level 5 of the Dungeon
  4888 | D:5      | Reached skill level 6 in Stealth
  5259 | D:5      | Identified the +2 robe "Plog" {Int+6} (You found it on
                  | level 5 of the Dungeon)
  5513 | D:6      | Reached * piety under Vehumet
  5513 | D:6      | Offered knowledge of Foxfire by Vehumet.
  5516 | D:6      | Learned a level 1 spell: Foxfire
  5632 | D:6      | Gained mutation: You regenerate magic rapidly. [demonic
                  | ancestry]
  5632 | D:6      | Reached XP level 8. HP: 52/60 MP: 8/11
  5689 | D:6      | Found a basalt altar of Yredelemnul.
  5824 | D:6      | Found a hazy altar of Hepliaklqana.
  5825 | D:6      | Found a shimmering altar of Xom.
  5826 | D:6      | Noticed a spectral ugly thing
  5826 | D:6      | Noticed a hell beast
  5851 | D:6      | Found a snail-covered altar of Cheibriados.
  5863 | D:6      | Reached skill level 1 in Conjurations
  6292 | D:6      | Found a broken altar of Ashenzari.
  6628 | D:7      | Found an iron altar of Okawaru.
  6687 | D:7      | Reached skill level 5 in Fighting
  6703 | D:7      | Noticed Pikel
  6728 | D:7      | Paralysed by Pikel for 2 turns
  6739 | D:7      | Killed Pikel
  6740 | D:7      | Reached XP level 9. HP: 33/68 MP: 11/15
  6852 | D:7      | Reached ** piety under Vehumet
  6852 | D:7      | Offered knowledge of Sandblast by Vehumet.
  6866 | D:7      | Reached skill level 5 in Short Blades
  7203 | D:7      | Found a stormy altar of Qazlal.
  7320 | D:7      | Found a runed translucent door.
  7321 | D:7      | Noticed Crazy Yiuf
  7446 | D:7      | Found an ancient bone altar of Kikubaaqudgha.
  7745 | D:7      | Found a burning altar of Makhleb.
  7882 | D:7      | Killed Crazy Yiuf
  7900 | D:7      | Identified the +2 mace of the Fool {elec, rPois Str-5
                  | Dex+5} (You found it on level 7 of the Dungeon)
  8042 | D:8      | Offered knowledge of Searing Ray by Vehumet.
  8198 | D:8      | Learned a level 2 spell: Searing Ray
  8244 | D:8      | Reached skill level 1 in Fire Magic
  8710 | D:8      | Reached *** piety under Vehumet
  8742 | D:8      | Slain by a wyvern

Illustrated notes

Levels and vault maps discovered:
D:1:      eino_arrival_cavern_e, layout_basic, serial_forest,
          infiniplex_forest_lined_4_way, infiniplex_forest_clump_small,
          infiniplex_forest_end_3, infiniplex_forest_clump_C,
          infiniplex_forest_end_double
D:2:      layout_basic, grunt_temple_overflow_forces_of_nature,
          minmay_strange_pillars
D:3:      layout_loops_ring, kennysheep_vampire_church,
          chequers_serial_rivers_micro_e, hangedman_glass_teeth,
          nicolae_ru_sacrificial_ziggurat, uniq_ijyb
D:4:      layout_loops_ring, minmay_temple_entry_gardened_gates, minmay_ruptured
D:5:      layout_loops_ring
D:6:      layout_loops_ring, regret_index_temple_of_mockery,
          nicolae_overflow_crystal_walls, old_standard_altar,
          general_overflow_altar, hex_medium
D:7:      layout_loops_corners, old_standard_altar, lemuel_crystal_altar,
          basic_altar, roderic_batcave, grunt_qazlal_clouds, uniq_pikel,
          uniq_crazy_yiuf_cottage
D:8:      minmay_bubble_buster, layout_cave_pods, minmay_misc_feat_rows
Temple:   chequers_temple_sunken

Skill      XL: |  1  2  3  4  5  6  7  8  9 |
---------------+----------------------------+-----
Dodging        | 1 2 3 4 |  4.5
Stealth        | 4 5 6 |  6.9
Short Blades   | 2 3 4 5 |  5.1
Throwing       | 2 3 |  3.5
Spellcasting   | 1 2 4 |  4.4
Fighting       | 3 4 5 |  5.6
Conjurations   | 2 3 |  3.3
Fire Magic     | 1 |  1.4

Action                   |  1- 3 |  4- 6 |  7- 9 || total
-------------------------+-------+-------+-------++-------
Melee: Dagger            |    96 |   132 |   277 ||   505
       Kick              |       |    32 |    79 ||   111
Throw: Dart              |    11 |     5 |    20 ||    36
 Cast: Foxfire           |       |       |    46 ||    46
       Searing Ray       |       |       |     5 ||     5
Evoke: Wand              |       |       |     3 ||     3
  Use: Scroll            |       |     1 |     3 ||     4
 Stab: Sleeping          |    10 |    16 |     8 ||    34
Armor: Robe              |    44 |    28 |    77 ||   149
Dodge: Dodged            |    81 |    53 |   167 ||   301

Table legend: (Time is in decaauts)
 A = Elapsed time spent in this place.
 B = Non-inter-level travel time spent in this place.
 C = Inter-level travel time spent in this place.
 D = Time resting spent in this place.
 E = Time spent auto-exploring this place.
 F = Levels seen in this place.
 G = Mean time per level.
                   A        B        C        D        E       F      G
               +--------+--------+--------+--------+--------+-----+--------+
         Total |   8704 |   8379 |    325 |    369 |   6585 |   9 |  967.1 |
       Dungeon |   8495 |   8170 |    325 |    369 |   6438 |   8 | 1061.9 |
        Temple |    209 |    209 |      0 |      0 |    147 |   1 |  209.0 |
               +--------+--------+--------+--------+--------+-----+--------+

Top non-repeatable levels by time:
     D:1: 1508 daAuts
     D:7: 1316 daAuts
     D:2: 1257 daAuts
     D:6: 1140 daAuts
     D:3: 995 daAuts
     D:4: 851 daAuts
     D:8: 777 daAuts
     D:5: 647 daAuts
  Temple: 209 daAuts
